 Dungeon Crawl Stone Soup version 0.21-a0-442-g848f44b (webtiles) character file.

265 AverageBear the Cutter (level 5, 0/31 HPs)
             Began as a Deep Elf Fighter on Nov 12, 2017.
             Succumbed to a scorpion's poison
             ... on level 4 of the Dungeon.
             The game lasted 00:02:58 (3385 turns).

AverageBear the Cutter (Deep Elf Fighter)           Turns: 3385, Time: 00:02:58

Health: 0/31       AC:  8    Str: 14    XL:     5   Next: 99%
Magic:  7/7        EV:  8    Int: 13    God:
Gold:   263        SH:  4    Dex: 14    Spells: 4/4 levels left

rFire    . . .     SeeInvis +   a - +1 rapier
rCold    . . .     Gourm    +   j - +0 buckler
rNeg     . . .     Faith    .   b - +0 scale mail
rPois    .         Spirit   .   (no helmet)
rElec    .         Reflect  .   e - +0 cloak
rCorr    .         Harm     .   o - +0 pair of gloves
MR       .....                  (no boots)
Stlth    ..........             r - amulet of the gourmand
HPRegen  0.10/turn              t - ring of see invisible (curse)
MPRegen  0.10/turn              (no ring)

@: lethally poisoned (0 -> -13), about to teleport, invisible
A: no striking features
a: no special abilities


You were on level 4 of the Dungeon.
You were completely stuffed.

You visited 1 branch of the dungeon, and saw 4 of its levels.

You collected 263 gold pieces.

Inventory:

Hand Weapons
 a - a +1 rapier (weapon)
 c - a +1 short sword of draining
 z - a +2 rapier of holy wrath
Armour
 b - a +0 scale mail (worn)
 e - a +0 cloak (worn)
 j - a +0 buckler (worn)
 o - a +0 pair of gloves (worn)
Jewellery
 r - an amulet of the gourmand (around neck)
 t - a cursed ring of see invisible (left hand)
Scrolls
 h - a scroll of remove curse
 k - a scroll of teleportation
 l - 4 scrolls of amnesia
 y - 2 scrolls of fog {unknown}
Potions
 d - 2 potions of might
 g - a potion of resistance
 i - a potion of lignification {unknown}
 n - a potion of heal wounds {unknown}
 p - a potion of brilliance {unknown}
 u - a potion of cancellation {unknown}
 v - a potion of haste {unknown}
Comestibles
 f - 2 bread rations
 m - 3 meat rations
 s - 4 royal jellies
 w - 6 chunks of flesh
 x - a fruit


   Skills:
 - Level 2.4 Fighting
 + Level 6.3 Short Blades
 - Level 2.4 Armour
 - Level 2.4 Shields


You had 4 spell levels left.
You didn't know any spells.

Dungeon Overview and Level Annotations

Branches:
Dungeon (4/15)
 Temple: D:4-7

Altars:
Xom


Message History

You puncture the gnoll!
The gnoll is heavily wounded.
The gnoll splashes around in the water. x2; The scorpion stings you.
You are poisoned.
The scorpion poisons you!
You completely miss the gnoll.
The gnoll is heavily wounded.
You feel sick. You block the gnoll's attack.
The gnoll splashes around in the water.
Okay, then.
As you read the scroll of teleportation, it crumbles to dust.
You feel strangely unstable.
You feel sick. The scorpion stings you.
* * * LOW HITPOINT WARNING * * *
You are more poisoned.
The scorpion poisons you! The gnoll closely misses you.
The gnoll hits you with a club.
* * * LOW HITPOINT WARNING * * *
It was a potion of invisibility.
You fade into invisibility!
You die...

....# ..P≈ ###+ ....#
....≈≈#...#############''''##
#....≈≈#.gg#..................
#....≈≈#####≈≈≈≈≈≈≈≈≈≈≈≈...%≈≈
#....≈≈≈≈≈≈≈≈≈≈≈≈≈≈≈≈≈≈≈....≈≈
#....≈≈≈≈≈≈≈≈gg≈)≈≈≈≈≈≈≈....≈≈
.#
.....P......@s.....%.........
.
###.......#######............
#
#............................
#
+............................
#
#.................###+#......
# #.................. ...... #
#................#. .....# #
#................ . ....##
#####...............


You could see a scorpion and 2 gnolls.

Vanquished Creatures
  A scorpion (D:4)
  An orc priest (D:3)
  A worker ant zombie (D:3)
  A gnoll (D:4)
  8 adders
  2 oozes (D:1)
  2 dart slugs
  2 leopard geckos
  4 orcs (D:3)
  A ball python (D:3)
  11 bats
  5 giant cockroaches
  3 goblins (D:1)
  6 hobgoblins
  10 jackals
  12 kobolds
  2 quokkas
  5 frilled lizards
  3 rats
80 creatures vanquished.

Notes
Turn   | Place    | Note
-------+----------+-------------------------------------------
     0 | D:1      | AverageBear the Deep Elf Fighter began the quest for the Orb.
     0 | D:1      | Reached XP level 1. HP: 13/13 MP: 3/3
    74 | D:1      | Reached XP level 2. HP: 18/18 MP: 4/4
    95 | D:1      | Reached skill level 3 in Short Blades
   303 | D:1      | Reached XP level 3. HP: 13/22 MP: 5/5
   654 | D:1      | Found a shimmering altar of Xom.
   976 | D:2      | Found a faded altar of an unknown god.
   999 | D:2      | Reached skill level 4 in Short Blades
  1375 | D:2      | Reached XP level 4. HP: 24/27 MP: 6/6
  2430 | D:3      | Reached skill level 5 in Short Blades
  2693 | D:3      | Reached XP level 5. HP: 31/31 MP: 7/7
  3041 | D:4      | Reached skill level 6 in Short Blades
  3384 | D:4      | HP: 1/31 [gnoll/club (4)]
  3385 | D:4      | Succumbed to a scorpion's poison

Vault maps used:
D:1:      lightli_molten_gateway, serial_park_tiny_1, xom_teletrap_fun
D:2:      minmay_door_path, chequers_ecumenical_altar_simple,
          chequers_big_river, corner_web_ring
D:3:      first_bread
D:4:      lemuel_castle_with_subvaults, nicolae_dithmenos_shadow_blocks

Skill      XL: |  1  2  3  4  5 |
---------------+----------------+-----
Short Blades   | 3 4 5 6 |  6.3
Fighting       | |  2.4
Armour         | |  2.4
Shields        | |  2.4

Action                   |  1- 3 |  4- 6 || total
-------------------------+-------+-------++-------
Melee: Rapier            |   124 |   160 ||   284
  Use: Scroll            |     3 |     3 ||     6
       Potion            |       |     3 ||     3
  Eat: Chunk             |     8 |    13 ||    21
Armor: Scale mail        |    67 |    78 ||   145
Dodge: Dodged            |    33 |    63 ||    96
Block: Shield            |    31 |       ||    31
       Buckler           |     8 |    38 ||    46

Table legend:
 A = Spawn XP
 B = Non-spawn XP
 C = Spawn XP percentage of total XP
 D = Spawn monster count
 E = Non-spawn monster count
 F = Spawn count percentage of total count
 G = Total turns spent on level
                    A         B        C        D         E        F      G
               +---------+---------+-------+---------+---------+-------+---------
         Total |       0 |     379 |   0.0 |       0 |      80 |   0.0 |  3385
               +---------+---------+-------+---------+---------+-------+---------
           D:1 |       0 |      62 |   0.0 |       0 |      28 |   0.0 |   867
           D:2 |       0 |      54 |   0.0 |       0 |      17 |   0.0 |  1306
           D:3 |       0 |     133 |   0.0 |       0 |      25 |   0.0 |   825
           D:4 |       0 |     130 |   0.0 |       0 |      10 |   0.0 |   387
               +---------+---------+-------+---------+---------+-------+---------
